 Dungeon Crawl Stone Soup version 0.22.0 (webtiles) character file.

181 BigChef the Skirmisher (level 5, -1/42 HPs)
             Began as a Demonspawn Chaos Knight on Aug 20, 2018.
             Slain by an ogre
             ... wielding a +0 giant club
              (15 damage)
             ... on level 4 of the Dungeon.
             The game lasted 00:04:49 (1957 turns).

BigChef the Skirmisher (Demonspawn Chaos Knight)    Turns: 1957, Time: 00:04:49

Health: -1/42      AC:  5    Str: 15    XL:     5   Next: 34%
Magic:  0/5        EV: 12    Int: 13    God:    Xom [*.....]
Gold:   84         SH:  0    Dex: 19    Spells: 4/4 levels left

rFire    . . .     SeeInvis .   a - +0 spear (chaos)
rCold    + . .     Gourm    .   (no shield)
rNeg     . . .     Faith    .   b - +2 leather armour
rPois    .         Spirit   +   (helmet restricted)
rElec    .         Reflect  .   p - scarf {Spirit}
rCorr    +         Harm     .   (no gloves)
MR       .....                  (no boots)
Stlth    ++........             (no amulet)
HPRegen  0.14/turn              e - +6 ring of dexterity
MPRegen  0.09/turn              o - ring of resist corrosion

@: no status effects
A: horns 1, cold resistance 1, sense surroundings 1, powered by death 1, strong
1
a: Renounce Religion


You were on level 4 of the Dungeon.
You worshipped Xom.
You were a special plaything of Xom.
You were not hungry.

You visited 1 branch of the dungeon, and saw 4 of its levels.

You collected 84 gold pieces.

Inventory:

Hand Weapons
 a - a +0 spear of chaos (weapon)
Armour
 b - a +2 leather armour (worn)
 m - a +0 ring mail
 p - a scarf of spirit shield (worn)
Jewellery
 e - a +6 ring of dexterity (left hand)
 o - a ring of resist corrosion (right hand)
Wands
 q - a wand of enslavement (10)
Scrolls
 d - a scroll of immolation {unknown}
 f - 2 scrolls of identify
 g - 2 scrolls of amnesia
 h - 2 scrolls of teleportation
 i - a scroll of blinking
 k - a scroll of magic mapping
Potions
 j - a potion of invisibility {unknown}
 l - a potion of agility {unknown}
 n - 2 potions of heal wounds {unknown}
 s - a potion of ambrosia {unknown}
Comestibles
 c - 7 rations
 r - a chunk of flesh


   Skills:
 + Level 4.0 Fighting
 + Level 3.9 Polearms
 + Level 2.4 Armour
 + Level 1.8 Dodging
 + Level 1.3 Stealth


You had 4 spell levels left.
You didn't know any spells.
Your spell library was empty.

Dungeon Overview and Level Annotations

Branches:
Dungeon (4/15)
 Temple: D:4-7

Altars:
Ru
Xom


Innate Abilities, Weirdness & Mutations

You have a pair of small horns on your head.
You regenerate a little health from kills.
Your flesh is cold resistant. (rC+)
You passively map a small area around you.
Your muscles are strong. (Str +2)


Message History

The ogre closely misses you.
You hit the ogre. You freeze the ogre.
The ogre is heavily wounded.
The ogre hits you with a giant club!!
You completely miss the ogre. You headbutt the ogre.
The ogre is heavily wounded.
You hit the ogre.
The ogre is severely wounded.
The ogre hits you with a giant club!
You are too injured to fight recklessly!
You are too injured to fight recklessly!
You are too injured to fight recklessly!
You are too injured to fight recklessly!
You are too injured to fight recklessly!
Aiming: Enslavement
Press: ? - help, Shift-Dir - straight line, f/p - ogre
Aim: an ogre, wielding a giant club (severely wounded, lightly drained, chance to defeat MR: 50%)
The ogre resists with some effort.
The ogre hits you with a giant club!
You die...
Xom snickers!

.#..###.....# ,...........#
#..####..## #####
,*#.##...## ##...## ,
*#....### ##.....# ,
...##..## ##...#..# ,
.........##########...#.#.##
.....###..O.##...<...#...#.#
.... *####@........#.....#.
...,................#.≈≈≈.#.
.. ##########......#≈...≈#.
# #......#≈)_.≈#. , *
#####..#≈...≈#. , ,* ,
##.#.≈≈≈.#. * , , ,
#.#.....#. , * ##.#...#.# ,
* * , ##.#.#.##


You could see an ogre.

Vanquished Creatures
  An orc wizard (D:3)
  4 adders
  2 oozes (D:3)
  2 worms
  A dart slug (D:1)
  3 leopard geckos
  4 orcs (D:3)
  4 giant cockroaches
  12 goblins
  6 hobgoblins
  10 jackals
  6 kobolds
  3 quokkas
  2 ball pythons
  9 bats
  2 frilled lizards (D:1)
  29 rats
100 creatures vanquished.

Notes
Turn   | Place    | Note
-------+----------+-------------------------------------------
     0 | D:1      | BigChef the Demonspawn Chaos Knight began the quest for the Orb.
     0 | D:1      | Reached XP level 1. HP: 18/18 MP: 1/1
     7 | D:1      | XOM: harmless Conj miscast
    54 | D:1      | Gained mutation: You regenerate a little health from kills. [demonic ancestry]
    54 | D:1      | Reached XP level 2. HP: 24/24 MP: 2/2
    81 | D:1      | Reached skill level 1 in Dodging
   159 | D:1      | XOM: divination: detect items
   194 | D:1      | Reached XP level 3. HP: 29/29 MP: 3/3
   532 | D:2      | XOM: noise
   536 | D:2      | XOM: smoke on damage
   580 | D:2      | Found a shimmering altar of Xom.
   661 | D:2      | Gained mutation: You have a pair of small horns on your head. [demonic ancestry]
   661 | D:2      | Reached XP level 4. HP: 30/37 MP: 4/4
   668 | D:2      | XOM: enchant monster (good)
  1144 | D:2      | Gained mutation: Your muscles are strong. (Str +2) [potion of mutation]
  1144 | D:2      | Gained mutation: Your flesh is cold resistant. (rC+) [potion of mutation]
  1144 | D:2      | Gained mutation: You passively map a small area around you. [potion of mutation]
  1171 | D:3      | XOM: harmless Tmut miscast
  1175 | D:3      | Reached skill level 1 in Stealth
  1232 | D:3      | Reached XP level 5. HP: 42/42 MP: 5/5
  1320 | D:3      | XOM: potion effect (heal wounds)
  1331 | D:3      | Reached skill level 4 in Fighting
  1542 | D:3      | XOM: god gift: sharpened wooden wand {god gift}
  1899 | D:4      | Found a sacrificial altar of Ru.
  1941 | D:4      | Noticed an ogre
  1957 | D:4      | Slain by an ogre

Skill      XL: |  1  2  3  4  5 |
---------------+----------------+-----
Armour         | 2 |  2.4
Dodging        | 1 |  1.8
Polearms       | 3 |  3.9
Stealth        | 1 |  1.3
Fighting       | 4 |  4.0

Action                   |  1- 3 |  4- 6 || total
-------------------------+-------+-------++-------
Melee: Spear             |   191 |   140 ||   331
       Headbutt          |       |    25 ||    25
Evoke: Wand              |       |     1 ||     1
  Use: Scroll            |       |     5 ||     5
       Potion            |       |     1 ||     1
 Stab: Paralysed         |     1 |       ||     1
       Petrified         |     6 |       ||     6
       Sleeping          |     1 |     3 ||     4
       Confused          |     1 |     1 ||     2
  Eat: Chunk             |       |     4 ||     4
Armor: Leather armour    |    76 |    23 ||    99
Dodge: Dodged            |   118 |    47 ||   165
